 Dungeon Crawl Stone Soup version 0.30-a0-629-gd54f4be4f7 (webtiles) character file.

Game seed: 1018928374861982540

786 Hubris850 the Insei (level 7, -2/33 HPs)
             Began as a Spriggan Warper on Jan 12, 2023.
             Slain by an iguana (13 damage)
             ... on level 4 of the Dungeon.
             The game lasted 00:13:42 (4405 turns).

Hubris850 the Insei (Spriggan Warper)               Turns: 4405, Time: 00:13:43

Health: -2/33      AC:  4    Str:  7    XL:     7   Next: 56%
Magic:  11/12      EV: 17    Int: 17    God:
Gold:   304        SH:  5    Dex: 14    Spells: 1/11 levels left

rFire   . . .      SeeInvis +    l - +3 whip
rCold   . . .      Faith    .    (no shield)
rNeg    . . .      Spirit   .    b - +0 robe
rPois   +          Reflect  +    n - +2 hat
rElec   .          Harm     .    (no cloak)
rCorr   .          Rampage  .    (gloves unavailable)
Will    +....                    (boots unavailable)
Stlth   +++                      r - amulet of reflection
HPRegen 0.25/turn                h - ring of poison resistance
MPRegen 0.13/turn                (no ring)

@: weakened, very quick
A: very small, no large weapons, unfitting armour, see invisible, speed 3
a: no special abilities


You were on level 4 of the Dungeon.
You visited 1 branch of the dungeon, and saw 5 of its levels.

You collected 304 gold pieces.

Inventory:

Hand Weapons
 a - a +0 short sword
 l - a +3 whip (weapon)
Missiles
 d - 5 boomerangs of dispersal
 t - 4 atropa-tipped darts
 v - 2 throwing nets
 y - 6 poisoned darts
Armour
 b - a +0 robe (worn)
 n - a +2 hat (worn)
Magical Staves
 g - a staff of conjuration
Jewellery
 h - a ring of poison resistance (left hand)
 p - an amulet of faith
 r - an amulet of reflection (around neck)
Wands
 m - a wand of flame (23)
Scrolls
 c - 2 scrolls of blinking
 f - a scroll of fog {unknown}
 j - 3 scrolls of poison
 o - 2 scrolls of immolation
 s - a scroll of teleportation {unknown}
 x - a scroll of acquirement {unknown}
Potions
 e - 3 potions of brilliance
 i - 2 potions of curing
 k - a potion of lignification
 q - a potion of ambrosia
 u - a potion of resistance {unknown}
 w - 2 potions of attraction {unknown}


   Skills:
 - Level 1.5 Fighting
 - Level 2.1 Short Blades
 - Level 3.0 Throwing
 - Level 3.3 Dodging
 - Level 5.1 Stealth
 * Level 5.5 Unarmed Combat
 - Level 2.6 Spellcasting
 - Level 4.4 Translocations
 + Level 2.3 Evocations


You had one spell level left.
You knew the following spells:

 Your Spells              Type           Power      Damage    Failure   Level
a - Blink                 Tloc           34%        N/A       4%          2
b - Vhi's Electric Charg  Tloc/Air       18%        N/A       22%         3
c - Manifold Assault      Tloc           17%        N/A       30%         4
d - Foxfire               Conj/Fire      8%         2x1d4     19%         1

Your spell library contained the following spells:

 Spells                   Type           Power      Damage    Failure   Level
 Shock                    Conj/Air       8%         1d3       19%         1
 Lesser Beckoning         Tloc           34%        N/A       9%          3
 Teleport Other           Tloc           17%        N/A       9%          3
 Portal Projectile        Hex/Tloc       18%        N/A       22%         3
 Swiftness                Air            2%         N/A       47%         3
 Tukima's Dance           Hex            2%         N/A       47%         3
 Airstrike                Air            1%         2d(1-17)  87%         4
 Blade Hands              Tmut           1%         N/A       99%         5
 Fireball                 Conj/Fire      1%         3d3       99%         5
 Starburst                Conj/Fire      1%         6d3       100%        6


Dungeon Overview and Level Annotations

Branches:
Dungeon (5/15)
 Temple: D:4-7

Altars:
Vehumet
The Shining One


Innate Abilities, Weirdness & Mutations

You are very small and have problems with some larger weapons.
You are too small for most types of armour.
You have supernaturally acute eyesight. (SInv)
You cover ground extremely quickly. (Speed+++)


Message History

Aiming: Throw Flame
Press: ? - help, Shift-Dir - straight line, f - iguana
Aim: an iguana (lightly wounded, 75% to hit)
The puff of flame misses the iguana.
The puff of flame hits the gnoll bouda but does no damage.
The gnoll bouda is lightly wounded.
You hit the iguana but do no damage.
The iguana is lightly wounded.
The iguana misses you.
The gnoll bouda gazes fiercely through you!
You feel your attacks grow feeble.
You hit the iguana.
The iguana is moderately wounded.
You block the iguana's attack.
You hit the iguana.
The iguana is heavily wounded.
The iguana bites you. The iguana barely misses you.
The gnoll bouda gazes fiercely through you!
You feel as though you will be weak longer.
You hit the iguana but do no damage. Your punch misses the iguana.
The iguana is heavily wounded.
The iguana completely misses you.
You hit the iguana.
The iguana is severely wounded.
The iguana bites you but does no damage.
You barely miss the iguana.
The iguana is severely wounded.
The iguana misses you.
The gnoll bouda gazes fiercely through you!
You feel as though you will be weak longer.
You barely miss the iguana.
The iguana is severely wounded.
The iguana bites you!
You closely miss the iguana.
The iguana is severely wounded.
You block the iguana's attack.
You hit the iguana but do no damage.
The iguana is severely wounded.
The iguana bites you!
You die...

#.#.###.......(...##.###.
#.......####.#.#####.#..)
###.##### #.#.# #.#.#.
#.# #.#+#####.#.#. ##.##
#.......<.#.#. #...##
##.....#####... #....#
##.......## ###.
#..>.####.........####..
#....gl@'.........'.....
##...####.........####.#
##.## ##.......## ##. #.#
##.....## ## #.# ##...##
# #.# ##'## #.# #.#
####### #.# #.# #......
#.# ##.####...#..


You could see a gnoll bouda and an iguana.

Vanquished Creatures
  3 ogres (D:4)
  A phantom (D:4)
  3 scorpions
  2 hounds (D:4)
  A gnoll bouda (D:4)
  An iguana (D:4)
  10 gnolls
  An adder (D:4)
  A worm (D:3)
  2 dart slugs (D:1)
  4 orcs
  5 bats
  6 endoplasms
  3 giant cockroaches
  5 goblins
  5 hobgoblins
  5 quokkas
  6 ball pythons (D:1)
  3 frilled lizards (D:1)
  10 kobolds
  4 rats (D:1)
81 creatures vanquished.

Vanquished Creatures (others)
  12 foxfires (D:5)
  A plant (D:1)
13 creatures vanquished.

Grand Total: 94 creatures vanquished

Notes
Turn   | Place    | Note
-------+----------+-------------------------------------------
     0 | D:1      | Hubris850 the Spriggan Warper began the quest for the Orb.
     0 | D:1      | Reached XP level 1. HP: 10/10 MP: 5/5
    59 | D:1      | Reached skill level 1 in Stealth
   122 | D:1      | Reached XP level 2. HP: 13/14 MP: 6/6
   215 | D:1      | Reached skill level 1 in Unarmed Combat
   344 | D:1      | Found a faded altar of an unknown god.
   497 | D:1      | Reached XP level 3. HP: 18/18 MP: 8/8
  1122 | D:2      | Learned a level 2 spell: Blink
  1826 | D:3      | Noticed a scorpion
  1944 | D:4      | Noticed an ogre
  1961 | D:4      | Killed an ogre
  1962 | D:4      | Reached skill level 5 in Stealth
  1962 | D:4      | Reached XP level 4. HP: 15/22 MP: 9/9
  1962 | D:4      | Reached XP level 5. HP: 18/25 MP: 10/10
  2427 | D:3      | Learned a level 3 spell: Vhi's Electric Charge
  2432 | D:3      | Learned a level 4 spell: Manifold Assault
  2436 | D:3      | Found a glowing golden altar of the Shining One.
  2739 | D:4      | Reached XP level 6. HP: 28/30 MP: 11/11
  3289 | D:4      | Reached XP level 7. HP: 6/33 MP: 12/12
  3591 | D:4      | Found a radiant altar of Vehumet.
  3662 | D:4      | Reached skill level 5 in Unarmed Combat
  3784 | D:4      | Reached skill level 1 in Evocations
  4218 | D:4      | Learned a level 1 spell: Foxfire
  4324 | D:5      | Entered Level 5 of the Dungeon
  4405 | D:4      | Slain by an iguana

Illustrated notes

Levels and vault maps discovered:
D:1:      minmay_arrival_wavy_path, layout_rooms,
          shapermc_ecumenical_altar_mp_highgroup, serial_forest,
          infiniplex_forest_straight_1, infiniplex_forest_fountain,
          infiniplex_forest_lined_1, infiniplex_forest_corner_1,
          infiniplex_forest_clump_double, infiniplex_forest_corner_1,
          minmay_split_cup_large
D:2:      layout_loops_ring
D:3:      layout_loops_ring, general_overflow_altar
D:4:      layout_loops_corners, vehumet_altar_wand_db, minmay_circle_x
D:5:      layout_loops_ring, minivault_14

Skill      XL: |  1  2  3  4  5  6  7 |
---------------+----------------------+-----
Stealth        | 1 2 5 |  5.1
Unarmed Combat | 1 2 3 4 5 |  5.5
Throwing       | 2 3 |  3.0
Evocations     | 2 |  2.3
Fighting       | |  1.5
Short Blades   | |  2.1
Dodging        | |  3.3
Spellcasting   | |  2.6
Translocations | |  4.4

Action                   |  1- 3 |  4- 6 |  7- 9 || total
-------------------------+-------+-------+-------++-------
Melee: Short sword       |   119 |       |       ||   119
       Punch             |     3 |     7 |     1 ||    11
       Whip              |    48 |   151 |    49 ||   248
Throw: Boomerang         |     4 |    16 |     9 ||    29
       Dart              |       |    12 |       ||    12
 Cast: Blink             |     2 |       |       ||     2
       Foxfire           |       |       |     7 ||     7
Evoke: Wand              |       |       |     6 ||     6
  Use: Scroll            |       |       |     6 ||     6
 Stab: Sleeping          |     8 |     5 |       ||    13
Armor: Robe              |    19 |    10 |     5 ||    34
Dodge: Dodged            |   131 |   107 |    28 ||   266
Block: Other             |     6 |    34 |     9 ||    49
       Reflection        |       |     1 |     1 ||     2

Table legend: (Time is in decaauts)
 A = Elapsed time spent in this place.
 B = Non-inter-level travel time spent in this place.
 C = Inter-level travel time spent in this place.
 D = Time resting spent in this place.
 E = Time spent auto-exploring this place.
 F = Levels seen in this place.
 G = Mean time per level.
                   A        B        C        D        E       F      G
               +--------+--------+--------+--------+--------+-----+--------+
         Total |   3274 |   3147 |    127 |    856 |   1490 |   5 |  654.8 |
       Dungeon |   3274 |   3147 |    127 |    856 |   1490 |   5 |  654.8 |
               +--------+--------+--------+--------+--------+-----+--------+

Top non-repeatable levels by time:
     D:4: 1712 daAuts
     D:1: 635 daAuts
     D:3: 539 daAuts
     D:2: 369 daAuts
     D:5: 17 daAuts
